 Dungeon Crawl Stone Soup version 0.30-a0-4-ga7cffc901d (webtiles) character file.

Game seed: 13311216486913435254

8 Spectrina the Magician (level 2, -9/22 HPs)
             Began as a Djinni Venom Mage on Aug 22, 2022.
             Mangled by Terence
             ... wielding a +0 flail
              (10 damage)
             ... on level 2 of the Dungeon.
             The game lasted 00:01:48 (158 turns).

Spectrina the Magician (Djinni Venom Mage)           Turns: 158, Time: 00:01:49

Health: -9/22      AC:  2    Str:  7    XL:     2   Next: 15%
Gold:   12         EV: 12    Int: 16    God:
                   SH:  0    Dex: 13

rFire   + + .      SeeInvis .    (no weapon)
rCold   x . .      Faith    .    (no shield)
rNeg    . . .      Spirit   .    a - +0 robe
rPois   ∞          Reflect  .    (no helmet)
rElec   .          Harm     .    (no cloak)
rCorr   .          Rampage  .    (no gloves)
Will    .....                    (boots unavailable)
Stlth   ++........               (no amulet)
HPRegen 0.07/turn                (no ring)
MPRegen 0.00/turn                (no ring)

@: flying
A: sickness immunity, fire resistance 2, cold vulnerability 1, float, innate
caster, HP casting, extra vitality 1
a: no special abilities


You were on level 2 of the Dungeon.
You visited 1 branch of the dungeon, and saw 3 of its levels.

You collected 12 gold pieces.

Inventory:

Armour
 a - a +0 robe (worn)
Scrolls
 b - 2 scrolls of vulnerability {unknown}
 c - a scroll of poison {unknown}


   Skills:
 + Level 0.5 Fighting
 + Level 2.3 Dodging
 + Level 1.7 Stealth
 * Level 2.5 Spellcasting
 + Level 0.3 Invocations


You couldn't memorise any spells.
You knew the following spells:

 Your Spells              Type           Power      Damage    Failure   Level
a - Sting                 Tmut/Pois      40%        1d5       7%          1
b - Poisonous Vapours     Pois/Air       20%        N/A       11%         2
c - Mephitic Cloud        Conj/Pois/Air  10%        N/A       21%         3
d - Olgreb's Toxic Radia  Pois           10%        N/A       56%         4
Your spell library was empty.

Dungeon Overview and Level Annotations

Branches:
Dungeon (3/15)

Altars:

Annotations:
D:2 Terence


Innate Abilities, Weirdness & Mutations

You are immune to sickness and miasma.
You are immune to poison.
Your flesh is very heat resistant. (rF++)
You are vulnerable to cold. (rC-)
You float through the air rather than walking.
You learn spells naturally, not from books.
Your magical power is your life essence.
You have superior vitality. (+4 MHP)


Message History

Confirm with . or Enter, or press ? or * to list all spells.
Aiming: Sting (safe; 7% risk of failure)
Press: ? - help, Shift-Dir - straight line, f/p - goblin
Aim: a goblin, wielding a +0 dagger (heavily wounded, poisoned, 64% to hit)
The sting misses the goblin.
* * * LOW HITPOINT WARNING * * *
The goblin hits you but does no damage.
Unknown command.
Casting: Sting (safe; 7% risk of failure)
Confirm with . or Enter, or press ? or * to list all spells.
Aiming: Sting (safe; 7% risk of failure)
Press: ? - help, Shift-Dir - straight line, f/p - goblin
Aim: a goblin, wielding a +0 dagger (severely wounded, poisoned, 64% to hit)
The sting misses the goblin.
* * * LOW HITPOINT WARNING * * *
You kill the goblin!
Unknown command.
Things that are here:
a +0 dagger; a goblin corpse
There is a stone staircase leading up here.
You now have 12 gold pieces (gained 9).
There is a stone staircase leading up here.
You fly upwards.
There is a stone staircase leading down here.
Unknown command.
Found a scroll labelled WOGGAZUIXEX.
Terence the Incautious comes into view.
He is wielding a +0 flail.
You see here a scroll labelled WOGGAZUIXEX.
c - a scroll labelled WOGGAZUIXEX
There is a shaft here.
Terence asks, "Do you want it fast or slow?"
You hit Terence but do no damage. Terence hits you with a +0 flail.
* * * LOW HITPOINT WARNING * * *
Unknown command.
Terence barely misses you.
There is a shaft here.
Terence attacks as you move away! Terence barely misses you.
There is a shaft here.
Terence attacks as you move away! Terence hits you with a +0 flail!
You die...

. ##### ... ###
#.^.#######.....
##.###.#@..........#
##.#.##.@.#######...#
##.###..###.# ##
#.##....# ...
##.#.#..# .###
##...##. ## ##.## #.
#.# .# ######.####.##


You could see Terence.

Vanquished Creatures
  A bat (D:2)
  A giant cockroach (D:2)
  2 goblins
  2 ball pythons
  A frilled lizard (D:1)
7 creatures vanquished.

Notes
Turn   | Place    | Note
-------+----------+-------------------------------------------
     0 | D:1      | Spectrina the Djinni Venom Mage began the quest for the
                  | Orb.
     0 | D:1      | Spectrina set off with the following spells memorised:
                  | Sting, Poisonous Vapours, Mephitic Cloud, Olgreb's Toxic
                  | Radiance.
     0 | D:1      | Reached XP level 1. HP: 15/15 MP: 0/0
    76 | D:2      | Reached XP level 2. HP: 4/22 MP: 0/0
   132 | D:2      | Noticed Terence
   146 | D:2      | HP: 1/22 [Terence/+0 flail (5)]
   158 | D:2      | Mangled by Terence

Illustrated notes

Levels and vault maps discovered:
D:1:      heliophobic_arrival_glass_houses, layout_basic,
          nicolae_ecumenical_snake_handling
D:2:      layout_loops_ring, uniq_terence
D:3:      layout_rooms, fountainhead, uniq_crazy_yiuf_cottage

Action                   || total
-------------------------++-------
Melee: Unarmed           ||     2
 Cast: Sting             ||    13
Armor: Robe              ||     3
Dodge: Dodged            ||     5

Table legend: (Time is in decaauts)
 A = Elapsed time spent in this place.
 B = Non-inter-level travel time spent in this place.
 C = Inter-level travel time spent in this place.
 D = Time resting spent in this place.
 E = Time spent auto-exploring this place.
 F = Levels seen in this place.
 G = Mean time per level.
                   A        B        C        D        E       F      G
               +--------+--------+--------+--------+--------+-----+--------+
         Total |    157 |    157 |      0 |      0 |      0 |   3 |   52.3 |
       Dungeon |    157 |    157 |      0 |      0 |      0 |   3 |   52.3 |
               +--------+--------+--------+--------+--------+-----+--------+

Top non-repeatable levels by time:
     D:2: 83 daAuts
     D:1: 62 daAuts
     D:3: 12 daAuts
